 Dungeon Crawl Stone Soup version 0.25-a0-549-g6e6e6501ad (webtiles) character file.

Game seed: 17927736601811113208, levelgen mode: deterministic

164702 synth the Gelid (level 17, -9/151 HPs)
             Began as a Naga Ice Elementalist on Feb 23, 2020.
             Was a High Priest of Ashenzari.
             Shot with an arrow by a naga sharpshooter (19 damage)
             ... on level 4 of the Snake Pit on Feb 24, 2020.
             The game lasted 02:26:42 (35072 turns).

synth the Gelid (Naga Ice Elementalist)            Turns: 35072, Time: 02:26:43

Health: -9/151     AC: 27    Str: 24    XL:     17   Next: 86%
Magic:  17/31      EV:  7    Int: 27    God:    Ashenzari [*****.]
Gold:   48         SH: 15    Dex: 14    Spells: 3/36 levels left

rFire    + + .     SeeInvis +   G - +4 broad axe (curse)
rCold    + + +     Gourm    .   M - +2 kite shield {rC+} (curse)
rNeg     + + +     Faith    .   D - +3 robe of the Armoured One {rElec Int+4} (curse)
rPois    +         Spirit   .   K - +2 helmet {Int+3} (curse)
rElec    +         Reflect  .   P - +1 cloak {MR+} (curse)
rCorr    .         Harm     .   O - +3 pair of gauntlets of War {Slay+5} (curse)
MR       +++..     Clarity  +   u - +1 naga barding of Valour {*Slow +Inv Str+9} (curse)
Stlth    ++++++....             n - amulet of the acrobat
HPRegen  0.35/turn              o - ring "Xash" {*Slow rF++ rC+ rN+++ Str+4} (curse)
MPRegen  0.22/turn              z - ring of protection from cold (curse)

@: lethally poisoned (-9 -> -10), about to teleport, acrobat, constricted, very
slow
A: large, see invisible, deformed body, poison resistance, slowness 2, slow
metabolism 1, spit poison 1, constrict 1, AC +5
a: Spit Poison, Curse Item, Scrying, Transfer Knowledge, Renounce Religion,
Evoke Invisibility


You were on level 4 of the Snake Pit.
You worshipped Ashenzari.
Ashenzari was extremely pleased with you.
You were very hungry.

You visited 5 branches of the dungeon, and saw 28 of its levels.
You also visited: Bailey and Ice Cave.

You collected 2909 gold pieces.
You spent 2861 gold pieces at shops.

Inventory:

Hand Weapons
 d - the +5 rapier "Rounukk" {flame, rC+ Int+3}
   (You found it on level 3 of the Lair of Beasts)

   It has been specially enchanted to burn those struck by it, causing extra
   injury to most foes and up to half again as much damage against particularly
   susceptible opponents.
   It affects your intelligence (+3).
   It protects you from cold.
 i - a +2 war axe of electrocution
 G - a cursed +4 broad axe (weapon)
Armour
 u - the cursed +1 naga barding of Valour (worn) {*Slow +Inv Str+9}
   (You acquired it on level 8 of the Dungeon)

   It affects your strength (+9).
   It lets you turn invisible.
   It may slow you when you take damage.
   If you remove this armour, your AC will decrease by 7 (27 -> 20).
   It has a curse placed upon it.
 D - the cursed +3 robe of the Armoured One (worn) {rElec Int+4}
   (You took it off an orc priest on level 7 of the Dungeon)

   It affects your intelligence (+4).
   It insulates you from electricity.
   If you remove this armour, your AC will decrease by 5 (27 -> 22).
   It has a curse placed upon it.
 K - a cursed +2 helmet of intelligence (worn)
 M - a cursed +2 kite shield of cold resistance (worn)
 O - the cursed +3 pair of gauntlets of War (worn) {Slay+5}
   (You acquired it on level 2 of the Orcish Mines)

   It affects your accuracy and damage with ranged weapons and melee attacks
   (+5).
   If you remove this armour, your AC will decrease by 5 (27 -> 22).
   It has a curse placed upon it.
 P - a cursed +1 cloak of magic resistance (worn)
 V - -1 gold dragon scales
Jewellery
 n - an amulet of the acrobat (around neck)
 o - the cursed ring "Xash" (left hand) {*Slow rF++ rC+ rN+++ Str+4}
   (You bought it in a shop on level 2 of the Orcish Mines)

   [ring of protection from cold]

   It affects your strength (+4).
   It greatly protects you from fire.
   It protects you from cold.
   It renders you almost immune to negative energy.
   It may slow you when you take damage.
   It has a curse placed upon it.
 z - a cursed ring of protection from cold (right hand)
 A - the ring of Zuorucuc {rElec rF+ Dex+2 Slay-4}
   (You found it on level 2 of the Snake Pit)

   [ring of protection from fire]

   It affects your dexterity (+2).
   It affects your accuracy and damage with ranged weapons and melee attacks
   (-4).
   It protects you from fire.
   It insulates you from electricity.
 S - an uncursed ring of protection from magic
 Y - an uncursed ring of resist corrosion
Wands
 j - a wand of digging (10)
 m - a wand of iceblast (97)
 r - a wand of acid (7)
 J - a wand of scattershot (7)
 R - a wand of disintegration (7)
 U - a wand of paralysis (30)
Scrolls
 b - 2 scrolls of silence
 e - 2 scrolls of magic mapping
 k - 4 scrolls of teleportation
 l - 11 scrolls of remove curse
 p - 4 scrolls of identify
 q - 3 scrolls of enchant weapon
 v - 2 scrolls of blinking
 y - 2 scrolls of holy word
 F - 2 scrolls of fear
 L - a scroll of fog
 T - 2 scrolls of enchant armour
Potions
 a - 3 potions of stabbing
 f - a potion of brilliance
 h - 2 potions of curing
 t - 6 potions of lignification
 x - 3 potions of mutation
 B - 2 potions of magic
 E - 2 potions of haste
 H - a potion of invisibility
 I - 3 potions of resistance
 Q - a potion of might
 X - a potion of berserk rage
Miscellaneous
 g - a phial of floods
 w - a sack of spiders
 C - a tin of tremorstones
 N - a crystal ball of energy
Comestibles
 c - 29 rations


   Skills:
 - Level 9.5 Fighting
 - Level 13.6(17.2) Axes
 + Level 8.7 Armour
 - Level 1.5(4.2) Dodging
 - Level 10.3(14.1) Stealth
 - Level 9.0(11.5) Shields
 - Level 10.0 Spellcasting
 - Level 12.3(14.6) Conjurations
 - Level 0.6(1.9) Charms
 - Level 3.0(5.3) Summonings
 - Level 5.1(7.8) Necromancy
 - Level 5.5(8.2) Translocations
 - Level 15.1(17.3) Ice Magic
 - Level 5.0(7.6) Air Magic


You had 3 spell levels left.
You knew the following spells:

 Your Spells              Type           Power        Failure   Level  Hunger
a - Freeze                Ice            ####         0%          1    None
b - Frozen Ramparts       Ice            ######       0%          3    None
c - Summon Ice Beast      Ice/Summ       ######..     1%          4    None
d - Blink                 Tloc           N/A          1%          2    None
e - Ozocubu's Armour      Chrm/Ice       ######..     1%          3    None
f - Passage of Golubria   Tloc           N/A          1%          4    None
g - Freezing Cloud        Conj/Ice/Air   ######....   3%          6    #####..
h - Swiftness             Chrm/Air       #####...     1%          2    None
i - Shroud of Golubria    Chrm/Tloc      #####.       1%          2    None
j - Simulacrum            Ice/Necr       ######....   3%          6    #####..

Your spell library contained the following spells:

 Spells                   Type           Power        Failure   Level  Hunger
 Magic Dart               Conj           ####         0%          1    None
 Animate Skeleton         Necr           N/A          1%          1    None
 Apportation              Tloc           ######       1%          1    None
 Pain                     Necr           ####         1%          1    None
 Shock                    Conj/Air       ####         1%          1    None
 Summon Small Mammal      Summ           ####         1%          1    None
 Call Imp                 Summ           #####...     1%          2    None
 Ensorcelled Hibernation  Hex/Ice        ######       1%          2    None
 Call Canine Familiar     Summ           #####...     1%          3    None
 Conjure Flame            Conj/Fire      ######..     1%          3    None
 Dazzling Flash           Conj/Hex       ######       1%          3    None
 Mephitic Cloud           Conj/Pois/Air  ######..     1%          3    None
 Recall                   Summ/Tloc      N/A          1%          3    None
 Static Discharge         Conj/Air       ######..     1%          3    None
 Vampiric Draining        Necr           ######....   1%          3    None
 Corona                   Hex            ###....      3%          1    None
 Summon Guardian Golem    Hex/Summ       ####....     4%          3    None
 Slow                     Hex            ###.....     5%          2    None
 Confusing Touch          Hex            ###.....     11%         3    None
 Tukima's Dance           Hex            ###.....     11%         3    None
 Airstrike                Air            ######....   1%          4    None
 Animate Dead             Necr           N/A          1%          4    None
 Hailstorm                Conj/Ice       #######.     1%          4    None
 Ice Form                 Ice/Tmut       ######..     1%          4    None
 Iskenderun's Mystic Bla  Conj/Tloc      ######..     1%          4    None
 Lightning Bolt           Conj/Air       ######....   1%          5    ####...
 Summon Lightning Spire   Summ/Air       #####...     3%          4    None
 Metabolic Englaciation   Hex/Ice        ######....   3%          5    ####...
 Agony                    Necr           ######..     4%          5    ####...
 Iskenderun's Battlesphe  Conj/Chrm      ######..     4%          5    ####...
 Summon Forest            Summ/Tloc      ######....   8%          5    ####...
 Orb of Destruction       Conj           #######...   9%          7    #######
 Bolt of Magma            Conj/Fire/Erth #####.....   14%         5    ####...
 Borgnjor's Vile Clutch   Necr/Erth      #####.....   22%         5    ####...
 Dispersal                Tloc           ######....   22%         6    #####..
 Death Channel            Necr           ######....   26%         6    #####..
 Iron Shot                Conj/Erth      ######....   30%         6    #####..
 Spellforged Servitor     Conj/Summ      ######....   52%         7    #######
 Malign Gateway           Summ/Tloc      ######....   92%         7    #######


Dungeon Overview and Level Annotations

Branches:
Dungeon (15/15)            Temple (1/1) D:6            Lair (6/6) D:9
  Swamp (0/4) Lair:2        Snake (4/4) Lair:3        Slime (0/5) Lair:5
    Orc (2/2) D:10            Elf (0/3) Orc:2        Vaults (0/5) D:13
 Depths (0/5) D:15         Bailey (visited)           IceCv (visited)

Altars:
Ashenzari
Cheibriados
Dithmenos
Elyvilon
Fedhas
Gozag
Hepliaklqana
Kikubaaqudgha
Makhleb
Nemelex Xobeh
Okawaru
Qazlal
Ru
Sif Muna
Trog
Uskayaw
Vehumet
Wu Jian
Xom
Yredelemnul
Zin
The Shining One

Shops:
D:2 *   D:10 ([   Orc:2 =}*[%

Annotations:
Lair:2 1 runed translucent door, astraldaughter's ghost, journeyman OpVM
Snake:4 Donald; Saint Roka


Innate Abilities, Weirdness & Mutations

You cannot wear boots.
Your serpentine skin is tough. (AC +5)
You have supernaturally acute eyesight. (SInv)
Armour fits poorly on your strangely shaped body.
Your system is resistant to poisons. (rPois)
You cover ground very slowly.
You have a slow metabolism.
You can spit poison.
You can use your snake-like lower body to constrict enemies.


Message History

* * * LOW HITPOINT WARNING * * *
Unknown command.
You feel sick.
The naga seems to regain its courage.
* * * LOW HITPOINT WARNING * * *
The naga ritualist's toxic aura wanes.
You block the naga's attack. The naga grabs you. The naga constricts you.
The naga sharpshooter shoots a bolt.
The bolt hits you!
* * * LOW HITPOINT WARNING * * *
x2 The naga sharpshooter shoots a bolt.
You block the bolt. The naga mage spits poison at you.
The splash of poison misses you.
The splash of poison hits the naga.
The naga sharpshooter mumbles some strange words.
The naga sharpshooter magically shoots an arrow.
The arrow hits you.
* * * LOW HITPOINT WARNING * * *
You block the black mamba's attack.
The naga sharpshooter mumbles some strange words.
The naga sharpshooter magically shoots an arrow.
The arrow hits you!!
You die...

#... #.............# , **
.....#.............# ..*
.........N#.....#..#,...*
...NN#.§N..........#....
....{##N..NN@N....##.... *
* *
...#.,##.NN.⌠N..###..... *
....., #.NN..S...#...... ,
{.. * ...#..S...N.#.... ,*
. .N...#.SS@S...N.. * ,,
,{, ,,N.....N..........# *
*, *{
,{,......SN........## *
,{N....(.NN........# , ,
*, , ...#...NNN..(....# **
,* , {....(.NN........## ,
*,,, #
,,,.....}N.SN.....##* ** ,
* ##
,{N.....N..NN....#...N# ,
.####........(.N.....#...#
* *


You could see 4 naga warriors, Donald, 2 nagarajas, 7 naga sharpshooters, 2
anacondas, 2 naga ritualists, a shock serpent, a mana viper, a guardian serpent
(wandering), 2 black mambas, 7 naga magi and 3 nagas.

Vanquished Creatures
  Rupert (D:13)
  Kirke (Lair:5)
  A fire giant (D:15)
  3 nagarajas
  An orc warlord (Orc:2)
  Nessos (D:13)
  Snorg (Lair:6)
  An ettin (Orc:2)
  Fannar (D:12)
  2 hydras
  2 centaur warriors
  3 catoblepae (Lair:6)
  12 anacondas
  8 naga warriors
  8 two-headed ogres
  17 death yaks
  2 ogre magi
  A death knight (D:15)
  10 naga sharpshooters
  5 shock serpents
  Sonja (Lair:5)
  Urug (D:13)
  10 hell knights (D:15)
  A salamander mystic (Snake:3)
  A deep troll (Orc:2)
  An unseen horror (shapeshifter) (D:13)
  2 unseen horrors (D:15)
  A necromancer (IceCv)
  A phantasmal warrior (D:15)
  5 naga ritualists
  A deep elf mage (D:12)
  8 mana vipers
  7 salamanders
  2 orc knights
  4 oklob plants
  2 cyclopes
  3 orc sorcerers
  3 manticores
  14 ugly things
  12 elephants
  A guardian serpent (Snake:3)
  9 naga magi
  Joseph (D:8)
  27 black mambas
  An ice statue (IceCv)
  13 spiny frogs
  A gargoyle (D:11)
  6 rime drakes
  4 komodo dragons
  9 freezing wraiths
  A kobold demonologist (Bailey)
  A polar bear (Lair:5)
  9 trolls
  A hornet (D:13)
  11 blink frogs
  8 hippogriffs
  2 shadows (D:14)
  29 yaks
  2 wyverns
  2 wraiths
  7 basilisks
  3 water elementals (D:14)
  15 humans (D:13)
  3 hogs
  Grum (D:8)
  5 vampire mosquitoes
  3 hungry ghosts
  A warg (Orc:1)
  6 steam dragons (Lair:2)
  31 nagas
  7 hell hounds (D:15)
  7 water moccasins
  10 porcupines
  15 ice beasts
  26 orc warriors
  2 sky beasts
  A black bear (D:12)
  19 ogres
  7 phantoms
  A necrophage (D:10)
  4 wolves
  5 boggarts (D:15)
  10 centaurs
  15 crocodiles
  2 big kobolds
  13 bullfrogs
  A wyvern zombie (D:10)
  2 wyvern skeletons
  7 scorpions
  3 killer bees (D:11)
  An elephant simulacrum (IceCv)
  4 electric eels
  6 wights
  5 howler monkeys
  11 crimson imps
  A quasit (D:5)
  4 centaur zombies
  9 jellies
  6 draconian simulacra (IceCv)
  A hound (D:4)
  6 centaur skeletons
  8 orc priests
  2 bullfrog skeletons
  10 orc wizards
  Jessica (D:2)
  Ijyb (D:3)
  3 iguanas
  2 spriggan simulacra (IceCv)
  11 worker ants
  A polar bear simulacrum (IceCv)
  3 troll simulacra (IceCv)
  A wolf simulacrum (IceCv)
  4 centaur simulacra (IceCv)
  A hound zombie (D:6)
  2 worker ant zombies
  2 howler monkey skeletons
  14 gnolls
  10 adders
  3 naga simulacra (IceCv)
  An ogre simulacrum (IceCv)
  A shadow imp (D:9)
  11 white imps (IceCv)
  2 oozes
  2 worms (D:3)
  4 dart slugs
  8 leopard geckos
  72 orcs
  4 bats
  5 giant cockroaches
  12 goblins
  14 hobgoblins
  9 jackals
  5 quokkas
  A ball python (D:1)
  5 frilled lizards
  A giant cockroach zombie (D:5)
  A jackal skeleton (D:6)
  17 kobolds
  A leopard gecko zombie (D:5)
  2 quokka skeletons
  7 rats
  A fungus (Lair:3)
  7 plants
857 creatures vanquished.

Vanquished Creatures (collateral kills)
  Gastronok (Lair:3)
  2 ogre magi (Orc:2)
  4 hydras
  Erica (D:11)
  6 two-headed ogres
  A dancing weapon (D:8)
  Nergalle (D:10)
  A deep troll (Orc:2)
  A phantasmal warrior (D:15)
  The ghost of anet the Magician, a novice DEWz of Ashenzari (D:8)
  2 cyclopes (Orc:2)
  3 ugly things (D:15)
  2 elephants
  A gargoyle (D:15)
  A spiny frog (Lair:3)
  3 rime drakes (Lair:2)
  2 freezing wraiths (IceCv)
  A meliai (D:13)
  4 trolls (Orc:2)
  7 blink frogs
  Sigmund (D:5)
  3 yaks
  A hog (D:8)
  A human (D:8)
  6 steam dragons (Lair:2)
  A death yak simulacrum (IceCv)
  Menkaure (D:6)
  A water moccasin (Lair:3)
  3 porcupines
  An ice beast (IceCv)
  11 ogres
  6 orc warriors
  A necrophage (D:10)
  A centaur (D:9)
  A black bear (Lair:3)
  A wolf (D:9)
  A big kobold (D:9)
  A bullfrog (Lair:3)
  2 scorpions
  2 wights (D:10)
  A howler monkey (D:9)
  4 electric eels (Bailey)
  2 jellies
  2 orc priests (Orc:1)
  An iguana (D:4)
  An orc wizard (Orc:2)
  A troll simulacrum (IceCv)
  2 gnolls (Bailey)
  A white imp (IceCv)
  4 orcs
  A goblin (Bailey)
  A hobgoblin (Bailey)
  A quokka (D:4)
  4 kobolds (D:9)
  A fungus (Lair:3)
118 creatures vanquished.

Vanquished Creatures (others)
  2 rime drakes (Lair:2)
  3 humans
  A hound (D:5)
  A gnoll shaman (D:5)
  An orc wizard (Orc:1)
  A worker ant (D:5)
  2 adders (D:5)
  2 orcs (D:15)
  A goblin (Bailey)
  9 fungi
  8 plants
  2 withered plants (Lair:2)
33 creatures vanquished.

Grand Total: 1008 creatures vanquished

Notes
Turn   | Place    | Note
-------+----------+-------------------------------------------
     0 | D:1      | synth the Naga Ice Elementalist began the quest for the
                  | Orb.
     0 | D:1      | Reached XP level 1. HP: 15/15 MP: 3/3
   340 | D:1      | Reached XP level 2. HP: 15/22 MP: 0/5
   826 | D:1      | Reached XP level 3. HP: 25/28 MP: 4/6
   831 | D:1      | Learned a level 3 spell: Frozen Ramparts
  1128 | D:1      | Reached skill level 5 in Ice Magic
  1539 | D:2      | Found Zin's Purification Station.
  1539 | D:2      | Found a glowing silver altar of Zin.
  1804 | D:2      | Noticed Jessica
  1813 | D:2      | Killed Jessica
  1813 | D:2      | Reached XP level 4. HP: 28/36 MP: 2/7
  2417 | D:3      | Noticed Ijyb
  2435 | D:3      | Killed Ijyb
  2435 | D:3      | Reached skill level 6 in Ice Magic
  2441 | D:3      | Reached XP level 5. HP: 14/42 MP: 0/8
  2859 | D:3      | Reached skill level 7 in Ice Magic
  2909 | D:3      | Reached XP level 6. HP: 49/49 MP: 7/9
  3578 | D:4      | Learned a level 4 spell: Summon Ice Beast
  3662 | D:4      | Reached skill level 1 in Summonings
  3856 | D:4      | Reached XP level 7. HP: 25/55 MP: 6/10
  4262 | D:5      | Entered Level 5 of the Dungeon
  4539 | D:5      | Noticed Sigmund
  4550 | D:5      | Killed Sigmund
  4550 | D:5      | Reached skill level 5 in Spellcasting
  4623 | D:5      | Reached XP level 8. HP: 62/62 MP: 11/15
  4739 | D:5      | Found a shimmering altar of Xom.
  4998 | D:5      | Identified the Compendium of Spatial Enchantment
  5445 | D:6      | Reached skill level 8 in Ice Magic
  5596 | D:6      | Found a staircase to the Ecumenical Temple.
  5601 | Temple   | Entered the Ecumenical Temple
  5625 | Temple   | Became a worshipper of Ashenzari the Shackled
  5644 | D:6      | Learned a level 2 spell: Blink
  5648 | D:6      | Learned a level 3 spell: Ozocubu's Armour
  5920 | D:6      | Noticed Menkaure
  5932 | D:6      | Killed Menkaure
  6037 | D:6      | Reached skill level 9 in Ice Magic
  6194 | D:6      | Reached XP level 9. HP: 65/68 MP: 7/17
  6303 | D:6      | Found a sacrificial altar of Ru.
  6303 | D:6      | Found an ancient bone altar of Kikubaaqudgha.
  6527 | D:7      | Reached skill level 10 in Ice Magic
  6658 | D:7      | Identified the +3 robe of the Armoured One {rElec Int+4}
  6765 | D:7      | Reached skill level 1 in Translocations
  7148 | D:8      | Reached skill level 5 in Translocations
  7164 | D:8      | Learned a level 4 spell: Passage of Golubria
  7306 | D:8      | Reached skill level 1 in Fighting
  7318 | D:8      | Noticed Joseph
  7341 | D:8      | Killed Joseph
  7341 | D:8      | Reached XP level 10. HP: 23/85 MP: 13/18
  7531 | D:8      | Reached skill level 5 in Fighting
  7730 | D:8      | Found a runed translucent door.
  7731 | D:8      | Found a shimmering altar of Xom.
  7731 | D:8      | Noticed anet's ghost (novice DEWz)
  7731 | D:8      | Noticed a +1 long sword of chaos
  7751 | D:9      | Noticed Grum
  7758 | D:8      | Killed Grum
  8160 | D:9      | Reached skill level 5 in Stealth
  8317 | D:9      | Found a stormy altar of Qazlal.
  8319 | D:9      | Found a staircase to the Lair.
  8606 | D:9      | Reached * piety under Ashenzari
  8765 | D:9      | Found a burning altar of Makhleb.
  8893 | D:10     | Entered Level 10 of the Dungeon
  8904 | D:10     | Found Xoquawusk's Weapon Shoppe.
  8904 | D:10     | Found a staircase to the Orcish Mines.
  8905 | D:10     | Noticed an orc knight
  8906 | D:10     | Found Tedgh's Armour Shoppe.
  8923 | D:10     | Killed an orc knight
  8964 | D:10     | Bought a +2 helmet of intelligence for 301 gold pieces
  9026 | D:10     | Noticed a two-headed ogre
  9034 | D:10     | Killed a two-headed ogre
  9107 | D:10     | Reached skill level 10 in Stealth
  9145 | D:10     | Found a flagged portal.
  9160 | Bailey   | Entered a bailey
  9209 | Bailey   | Reached XP level 11. HP: 89/100 MP: 13/19
  9390 | Bailey   | Found an iron altar of Okawaru.
  9390 | Bailey   | Noticed an orc sorcerer
  9412 | Bailey   | Noticed a sixfirhy
  9415 | Bailey   | Killed an orc sorcerer
  9415 | Bailey   | Reached skill level 11 in Ice Magic
  9506 | Bailey   | Got the dagger of the Tundras {vorpal, Str+2}
  9508 | Bailey   | Got the spear of the Owl {vorpal, -Tele rPois rF+ Dex+2}
  9640 | Bailey   | Identified a scroll of acquirement
  9922 | Bailey   | Identified Sif Muna's Tome of Flying Dislocation
 10093 | D:10     | Identified the +6 spear of the Owl {vorpal, -Tele rPois rF+
                  | Dex+2} (You found it in a bailey)
 10640 | D:10     | Reached skill level 12 in Ice Magic
 10925 | D:10     | Noticed Nergalle
 10946 | D:10     | Killed Nergalle
 11310 | D:10     | Bought a +0 cloak for 63 gold pieces
 11370 | D:11     | Noticed a six-headed hydra
 11377 | D:11     | Killed a six-headed hydra
 11478 | Orc:1    | Entered Level 1 of the Orcish Mines
 11701 | Orc:1    | Noticed an orc sorcerer
 11715 | Orc:1    | Killed an orc sorcerer
 11991 | Orc:2    | Entered Level 2 of the Orcish Mines
 11991 | Orc:2    | Found a staircase to the Elven Halls.
 12099 | Orc:2    | Noticed an ogre mage
 12107 | Orc:2    | Killed an ogre mage
 12107 | Orc:2    | Reached skill level 5 in Shields
 12221 | Orc:2    | Found Depuxedi's Food Shoppe.
 12272 | Orc:2    | Noticed an orc warlord
 12284 | Orc:2    | Noticed a two-headed ogre
 12286 | Orc:2    | Noticed a two-headed ogre
 12292 | Orc:2    | Killed a two-headed ogre
 12292 | Orc:2    | Reached XP level 12. HP: 91/109 MP: 3/20
 12294 | Orc:2    | Killed a two-headed ogre
 12294 | Orc:2    | Noticed a two-headed ogre
 12295 | Orc:2    | Noticed an ogre mage
 12305 | Orc:2    | Killed an ogre mage
 12306 | Orc:2    | Killed a two-headed ogre
 12335 | Orc:2    | Killed an orc warlord
 12391 | Orc:2    | Noticed an ettin
 12392 | Orc:2    | Noticed a two-headed ogre
 12581 | Orc:2    | Noticed a two-headed ogre
 12583 | Orc:2    | Identified the cursed ring of Wuddoutu {Dex+4 Stlth+} (You
                  | acquired it on level 2 of the Orcish Mines)
 12584 | Orc:2    | Found the cursed +3 pair of gauntlets of War {Slay+5}
 12695 | Orc:2    | Killed a two-headed ogre
 13070 | Orc:2    | Noticed a two-headed ogre
 13080 | Orc:2    | Killed an ettin
 13085 | Orc:2    | Killed a two-headed ogre
 13364 | Orc:2    | Reached skill level 13 in Ice Magic
 13446 | Orc:2    | Noticed an ogre mage
 13454 | Orc:2    | Killed an ogre mage
 13459 | Orc:2    | Killed a two-headed ogre
 13471 | Orc:2    | Found Lutz's Assorted Antiques.
 13484 | Orc:2    | Found Yczouf's Jewellery Emporium.
 13489 | Orc:2    | Found Afavex's Antique Armour Shop.
 13494 | Orc:2    | Found Bizaen's Gadget Shoppe.
 13553 | Orc:2    | Noticed a two-headed ogre
 13574 | Orc:2    | Killed a two-headed ogre
 13591 | Orc:2    | Reached ** piety under Ashenzari
 13763 | Orc:2    | Bought a droning book for 390 gold pieces
 13919 | Orc:1    | Gained mutation: You can use your snake-like lower body to
                  | constrict enemies. [Naga growth]
 13919 | Orc:1    | Reached XP level 13. HP: 108/115 MP: 18/21
 14139 | Lair:1   | Entered Level 1 of the Lair of Beasts
 14933 | Lair:2   | Learned a level 6 spell: Freezing Cloud
 14944 | Lair:2   | Reached skill level 1 in Conjurations
 14977 | Lair:2   | Found a staircase to the Swamp.
 15364 | Lair:2   | Found a runed translucent door.
 15364 | Lair:2   | Noticed astraldaughter's ghost (journeyman OpVM)
 15455 | Lair:2   | Reached skill level 5 in Conjurations
 16278 | Lair:3   | Noticed Gastronok
 16369 | Lair:3   | Killed Gastronok
 16640 | Lair:3   | Found a staircase to the Snake Pit.
 16689 | Lair:3   | Reached skill level 5 in Air Magic
 16725 | Lair:3   | Got the rapier "Rounukk" {flame, rC+ Int+3}
 16726 | Lair:3   | Identified the +5 rapier "Rounukk" {flame, rC+ Int+3} (You
                  | found it on level 3 of the Lair of Beasts)
 16890 | Lair:3   | Reached *** piety under Ashenzari
 17571 | Lair:4   | Reached XP level 14. HP: 123/123 MP: 12/24
 18509 | Orc:2    | Bought the ring "Xash" {*Slow rF++ rC+ rN+++ Str+4} for
                  | 1099 gold pieces
 18720 | Lair:5   | Noticed Sonja
 18728 | Lair:5   | Killed Sonja
 18737 | Lair:5   | Noticed Kirke
 18748 | Lair:5   | Killed Kirke
 18748 | Lair:5   | Reached skill level 10 in Conjurations
 19503 | Lair:5   | Reached **** piety under Ashenzari
 19522 | Lair:5   | Found a staircase to the Slime Pits.
 19699 | Lair:5   | Learned a level 2 spell: Swiftness
 19833 | Lair:6   | Entered Level 6 of the Lair of Beasts
 19870 | Lair:6   | Found a frozen archway.
 19938 | IceCv    | Entered an ice cave
 20026 | IceCv    | Learned a level 2 spell: Shroud of Golubria
 20982 | IceCv    | Found an ancient bone altar of Kikubaaqudgha.
 21210 | IceCv    | Identified the Catalogue of Snow
 21388 | Lair:6   | Noticed Snorg
 21398 | Lair:6   | Killed Snorg
 21400 | Lair:6   | Reached XP level 15. HP: 102/134 MP: 2/25
 21453 | Lair:6   | Reached skill level 14 in Ice Magic
 22594 | Lair:6   | Reached skill level 15 in Ice Magic
 23581 | D:11     | Noticed Erica
 23594 | D:11     | Killed Erica
 23916 | D:12     | Noticed Fannar
 23924 | D:12     | Killed Fannar
 24088 | D:12     | Reached ***** piety under Ashenzari
 24686 | D:13     | Found a gate to the Vaults.
 24686 | D:13     | Noticed Urug
 24686 | D:13     | Noticed Rupert
 24686 | D:13     | Noticed Nessos
 24697 | D:13     | HP: 6/134 [Nessos/arrow (12)]
 24703 | D:13     | Killed Rupert
 24709 | D:13     | Killed Urug
 24716 | D:13     | Killed Nessos
 24970 | D:13     | Reached skill level 10 in Spellcasting
 25717 | D:13     | Reached XP level 16. HP: 144/144 MP: 30/30
 26304 | D:14     | Reached skill level 1 in Axes
 26754 | D:14     | Reached skill level 5 in Axes
 26766 | D:15     | Entered Level 15 of the Dungeon
 26796 | D:15     | Found a staircase to the Depths.
 27743 | D:15     | Reached skill level 10 in Axes
 28298 | D:8      | Killed anet's ghost
 28302 | D:8      | Identified the cursed amulet "Hyje" {Gourm Int-5 Dex+3
                  | SInv} (You acquired it on level 8 of the Dungeon)
 28302 | D:8      | Identified the cursed +1 naga barding of Valour {*Slow +Inv
                  | Str+9} (You acquired it on level 8 of the Dungeon)
 29663 | D:15     | Learned a level 6 spell: Simulacrum
 30054 | Snake:1  | Entered Level 1 of the Snake Pit
 30105 | Snake:1  | Reached skill level 1 in Necromancy
 30621 | Snake:1  | Reached skill level 5 in Necromancy
 30920 | Snake:1  | Reached XP level 17. HP: 27/151 MP: 7/31
 31999 | Snake:2  | Reached skill level 1 in Armour
 32683 | Snake:2  | Identified the ring of Zuorucuc {rElec rF+ Dex+2 Slay-4}
 32869 | Snake:2  | Reached skill level 5 in Armour
 34566 | D:10     | Bought cursed -1 gold dragon scales for 1008 gold pieces
 34782 | Snake:4  | Entered Level 4 of the Snake Pit
 34859 | Snake:4  | Noticed Donald
 35056 | Snake:4  | Noticed Saint Roka
 35072 | Snake:4  | Shot with an arrow by a naga sharpshooter

Levels and vault maps discovered:
D:1:      dpeg_arrival_boxes_within_box, layout_basic
D:2:      layout_loops_corners, zin_purify, st_stairs_12, uniq_jessica
D:3:      layout_loops_ring, cheibrodos_sewer_entry_bend, first_ration,
          wad_orctagon, uniq_ijyb
D:4:      layout_rooms
D:5:      minmay_thick_lines, layout_loops_cross, xom_confusion_cloud,
          minmay_misc_feat_cross, serial_park_tiny_pond,
          minmay_stone_trees_medium, uniq_sigmund
D:6:      layout_loops_corners, gammafunk_temple_overflow_statue,
          temple_doors_e, kennysheep_donut, uniq_menkaure
D:7:      layout_rooms
D:8:      layout_loops_ring, ebering_ghost_xom, grunt_livestock, uniq_joseph
D:9:      layout_long_grid, makhleb_grotto_becter, grunt_qazlal_clouds,
          lair_entry_dummy, uniq_grum
D:10:     layout_stronghold, orc_david_3, enter_bailey_7, uniq_nergalle
D:11:     layout_rooms, uniq_erica
D:12:     layout_small_grid, serial_glass, glass_columns_b, glass_columns_a,
          minmay_misc_feat_rugged, uniq_fannar
D:13:     layout_gridville, david_vaults_3, minmay_between
D:14:     layout_cave_pools, minmay_tree_intersection, serial_bayou_lake_a
D:15:     grunt_enter_depths_giant_problem, layout_rooms, minmay_rotating_lava
Temple:   lightli_temple_of_artemis
Lair:1:   layout_roguey, serial_bayou_pond_c, chequers_serial_rivers_room_b,
          serial_bayou_crossing, grunt_megastairs_4
Lair:2:   layout_roguey, swamp_mist, gammafunk_ghost_grave,
          bobbens_dragon_lair_wall
Lair:3:   layout_chaotic_city, guppyfry_snake_entry_garden,
          minmay_lair_oklob_items, grunt_megastairs_1, serial_bayou_shore_b,
          uniq_gastronok
Lair:4:   layout_small_grid, lemuel_fruit_fields, minmay_lair_oklob_chamber,
          lemuel_fruit_fields, infiniplex_staircase_pool_2
Lair:5:   beast_lair_carwin_large_3, layout_loops_ring, slime_dummy, uniq_kirke,
          uniq_urug, uniq_sonja
Lair:6:   evilmike_catoblepas_cave, layout_small_grid,
          portal_ice_cave_entry_ice_beasts, grunt_megastairs_2, uniq_snorg
Snake:1:  layout_misc_corridors, serial_bayou_shore_a
Snake:2:  layout_concentric_octagons, drop_trap,
          nicolae_snake_serpentine_hallways
Snake:3:  layout_misc_corridors, st_stairs_10
Snake:4:  snake_pit, layout_basic, serial_shops, bzr_entry_road, uniq_donald,
          uniq_saint_roka
Orc:1:    layout_caves, nicolae_orc_pool_cavern
Orc:2:    st_orc_open, layout_diamond_mine, serial_shops, shop, mines4_lemuel

Skill      XL: |  1  2  3  4  5  6  7  8  9 10 11 12 13 14 15 16 17 |
---------------+----------------------------------------------------+-----
Ice Magic      | 5 6 7 9 10 12 13 15 | 15.1
Summonings     | 3 |  3.0
Spellcasting   | 5 7 10 | 10.0
Translocations | 5 |  5.5
Fighting       | 3 7 8 9 |  9.5
Stealth        | 10 | 10.3
Shields        | 5 9 |  9.0
Conjurations   | 8 12 | 12.3
Air Magic      | 5 |  5.0
Axes           | 13 | 13.6
Necromancy     | 5 |  5.1
Armour         | 8 |  8.7
Dodging        | |  1.5
Charms         | |  0.6

Action                   |  1- 3 |  4- 6 |  7- 9 | 10-12 | 13-15 | 16-18 || total
-------------------------+-------+-------+-------+-------+-------+-------++-------
Melee: Unarmed           |     5 |       |       |       |       |       ||     5
       Short sword       |    27 |    88 |    33 |       |       |       ||   148
       Dagger            |       |       |   190 |   159 |   153 |       ||   502
       Spear             |       |       |       |    92 |       |       ||    92
       Constrict         |       |       |       |       |   125 |   102 ||   227
       Rapier            |       |       |       |       |   512 |    93 ||   605
       Broad axe         |       |       |       |       |       |   264 ||   264
       War axe           |       |       |       |       |       |    49 ||    49
 Cast: Freeze            |    33 |    23 |    34 |    48 |    10 |     1 ||   149
       Frozen Ramparts   |     2 |     8 |    15 |    41 |    54 |    18 ||   138
       Summon Ice Beast  |       |       |     9 |    76 |    61 |    11 ||   157
       Ozocubu's Armour  |       |       |     2 |       |     2 |       ||     4
       Passage of Golubr |       |       |     1 |     2 |     1 |     2 ||     6
       Blink             |       |       |       |     3 |     5 |     8 ||    16
       Freezing Cloud    |       |       |       |       |    39 |    58 ||    97
Invok: Curse Item        |       |       |       |       |       |     7 ||     7
 Abil: Spit Poison       |       |     2 |       |       |       |       ||     2
Evoke: Wand              |       |       |       |     6 |     8 |     4 ||    18
       Phial of floods   |       |       |       |       |     1 |       ||     1
  Use: Scroll            |       |     5 |       |    17 |     6 |    18 ||    46
       Potion            |       |       |       |     2 |    10 |     5 ||    17
 Stab: Sleeping          |     2 |     3 |     8 |     8 |    33 |    16 ||    70
       Distracted        |       |       |       |     2 |     5 |       ||     7
       Invisible         |       |       |       |       |     2 |       ||     2
  Eat: Chunk             |     2 |     7 |     9 |    22 |    35 |    14 ||    89
       Ration            |       |       |     1 |     1 |     4 |     8 ||    14
Armor: Robe              |     7 |    15 |    76 |    86 |   253 |   146 ||   583
Dodge: Dodged            |    26 |    72 |   161 |   209 |   349 |   185 ||  1002
Block: Kite shield       |       |       |       |    58 |   458 |   327 ||   843

Table legend:
 A = Non-vault XP
 B = Vault XP
 C = Vault XP percentage of total XP
 D = Non-vault monster count
 E = Vault monster count
 F = Vault count percentage of total count
                 A         B        C        D         E       F
            +---------+---------+-------+---------+---------+-------
      Total |  145085 |   90204 |  38.3 |     644 |     326 |  33.6
            +---------+---------+-------+---------+---------+-------
        D:1 |      56 |       0 |   0.0 |      29 |       0 |   0.0
        D:2 |      13 |      50 |  79.4 |       6 |       2 |  25.0
        D:3 |     184 |      53 |  22.4 |      28 |       6 |  17.6
        D:4 |     419 |       0 |   0.0 |      24 |       0 |   0.0
        D:5 |     403 |     244 |  37.7 |      18 |       5 |  21.7
        D:6 |     997 |      86 |   7.9 |      25 |       1 |   3.8
        D:7 |     738 |       0 |   0.0 |      13 |       0 |   0.0
        D:8 |    1522 |    2614 |  63.2 |      28 |      10 |  26.3
        D:9 |    1165 |     106 |   8.3 |      18 |       2 |  10.0
       D:10 |    1834 |    1391 |  43.1 |      16 |      11 |  40.7
       D:11 |    2048 |     680 |  24.9 |      22 |       1 |   4.3
       D:12 |    4700 |    1007 |  17.6 |      32 |       1 |   3.0
       D:13 |    7252 |    8296 |  53.4 |      27 |      22 |  44.9
       D:14 |    4816 |       0 |   0.0 |      18 |       0 |   0.0
       D:15 |   20045 |   10836 |  35.1 |      55 |      18 |  24.7
     Lair:1 |    1785 |     482 |  21.3 |       8 |       2 |  20.0
     Lair:2 |    3101 |    4406 |  58.7 |      16 |      22 |  57.9
     Lair:3 |    7152 |    3568 |  33.3 |      34 |       9 |  20.9
     Lair:4 |    2316 |    1754 |  43.1 |      11 |       4 |  26.7
     Lair:5 |    8243 |    7416 |  47.4 |      20 |      11 |  35.5
     Lair:6 |   11977 |   15243 |  56.0 |      36 |      36 |  50.0
    Snake:1 |   19018 |       0 |   0.0 |      32 |       0 |   0.0
    Snake:2 |   20405 |       0 |   0.0 |      33 |       0 |   0.0
    Snake:3 |   16806 |    3304 |  16.4 |      36 |       5 |  12.2
    Snake:4 |    3112 |    6951 |  69.1 |       5 |      18 |  78.3
      Orc:1 |    1500 |       0 |   0.0 |      28 |       0 |   0.0
      Orc:2 |    3478 |   12812 |  78.6 |      26 |      44 |  62.9
     Bailey |       0 |    2671 | 100.0 |       0 |      42 | 100.0
      IceCv |       0 |    6234 | 100.0 |       0 |      54 | 100.0
            +---------+---------+-------+---------+---------+-------
